 Dungeon Crawl Stone Soup version 0.30.1-11-g7821555f0a (webtiles) character file.

Game seed: 9943122677379043756

110 Nonny the Slasher (level 4, -4/41 HPs)
             Began as a Minotaur Cinder Acolyte on Oct 30, 2023.
             Was a High Priest of Ignis.
             Slain by an ogre
             ... wielding a +0 giant club
              (26 damage)
             ... on level 4 of the Dungeon.
             The game lasted 00:05:20 (1733 turns).

Nonny the Slasher (Minotaur Cinder Acolyte)         Turns: 1733, Time: 00:05:20

Health: -4/41      AC: 13    Str: 25    XL:     4   Next: 61%
Magic:  4/4        EV:  8    Int: 11    God:    Ignis [*****.]
Gold:   137        SH:  0    Dex:  7    Spells: 5/5 levels left

rFire   + . .        a - -1 falchion (flame)
rCold   . . .        (no shield)
rNeg    . . .        l - +0 chain mail
rPois   .            (helmet restricted)
rElec   .            i - +0 cloak
rCorr   .            (no gloves)
SInv    .            (no boots)
Will    .....        (no amulet) Stlth
                     b - +6 ring of strength
HPRegen 0.26/turn    f - +4 ring of protection
MPRegen 0.09/turn

%: no passive effects
@: no status effects
A: horns 2, retaliatory headbutt
a: Renounce Religion, Fiery Armour, Foxfire Swarm, Rising Flame


You were on level 4 of the Dungeon.
You worshipped Ignis.
Ignis was extremely pleased with you.
You visited 1 branch of the dungeon, and saw 4 of its levels.

You collected 137 gold pieces.

Inventory:

Hand Weapons
 a - a -1 falchion of flaming (weapon)
Missiles
 e - 6 poisoned darts (quivered)
 k - 2 curare-tipped darts
Armour
 i - a +0 cloak (worn)
 l - a +0 chain mail (worn)
Jewellery
 b - a +6 ring of strength (left hand)
 c - a ring of resist corrosion
 f - a +4 ring of protection (right hand)
 j - a ring of flight
Scrolls
 g - a scroll of vulnerability {unknown}
Potions
 h - a potion of mutation


   Skills:
 + Level 4.9 Fighting
 + Level 5.3 Long Blades
 + Level 1.2 Armour
 - Level 0.2 Dodging
 - Level 1.0 Spellcasting
 - Level 2.1 Fire Magic


You had 5 spell levels left.
You didn't know any spells.
Your spell library contained the following spells:

 Spells                   Type           Power      Damage    Failure   Level
 Scorch                   Fire           10%        2d5       75%         2


Dungeon Overview and Level Annotations

Branches:
Dungeon (4/15)
 Temple: D:4-7

Altars:
The Shining One

Annotations:
D:3 3 runed translucent doors, lonewolfV2's ghost, amateur DsFi
D:4 1 transporter, eurytides's ghost, weakling MiFi


Innate Abilities, Weirdness & Mutations

You have a pair of horns on your head.
You reflexively headbutt those who attack you in melee.


Message History

You start putting on your armour.
You continue putting on your +0 chain mail. x5
You finish putting on your +0 chain mail.
You drop a +0 ring mail.
(D) Dungeon
Where to? (Enter - D:3 @ (x,y), ? - help)
What level of the Dungeon? (default 1, ? - help)
Things that are here:
a +0 club; an orc skeleton
Things that are here:
a +0 hand axe; a +0 ring mail; an orc skeleton
There is a stone staircase leading down here.
You climb downwards.
There is a stone staircase leading up here.
An adder is nearby!
The adder barely misses you.
You hit the adder. You burn the adder.
The adder is almost dead.
The adder closely misses you. You furiously retaliate!
You headbutt the adder.
You kill the adder!
No target in view!
No target in view!
Found 4 stones.
Found a transporter.
Found a ring mail.
Eurytides's ghost turns its malevolent gaze towards you.
An ogre comes into view. It is wielding a +0 giant club.
The ogre shouts!
You barely miss the ogre.
The ogre hits you with a +0 giant club!!
You hit the ogre. You burn the ogre.
The ogre is lightly wounded.
You hit the ogre. You burn the ogre.
The ogre is heavily wounded.
The ogre closely misses you.
You hit the ogre. You burn the ogre. You headbutt the ogre!
The ogre is severely wounded.
The ogre hits you with a +0 giant club!!
Ouch! That really hurt!
You die...

#..#.... #..#... #
#..#..# #
#.#..#..#8#.
#.#..#......
...©#...[.©
#O.#Z..... #@.#..#
#..#..###.
#..#......
#..#......
#..############
#..............
#..............
######.#...........
.........##.....###


You could see an ogre and a hornet zombie.

Vanquished Creatures
  Crazy Yiuf (D:3)
  2 adders
  2 worms (D:3)
  6 orcs (D:3)
  9 endoplasms
  4 giant cockroaches (D:1)
  2 hobgoblins
  4 jackals (D:1)
  3 quokkas
  A ball python (D:3)
  2 frilled lizards
  4 goblins
  3 kobolds
  4 rats
47 creatures vanquished.

Notes
Turn   | Place    | Note
-------+----------+-------------------------------------------
     0 | D:1      | Nonny the Minotaur Cinder Acolyte began the quest for the
                  | Orb.
     0 | D:1      | Reached XP level 1. HP: 19/19 MP: 1/1
     2 | D:1      | Found a runed translucent door.
    12 | D:1      | Starting vault: lobby with a pen
    31 | D:1      | Reached skill level 4 in Long Blades
    31 | D:1      | Reached XP level 2. HP: 16/27 MP: 2/2
   544 | D:2      | Reached XP level 3. HP: 33/34 MP: 3/3
   744 | D:3      | Found a runed translucent gate.
   745 | D:3      | Found a runed translucent gate.
   746 | D:3      | Found a runed translucent gate.
   748 | D:3      | Noticed lonewolfV2's ghost (amateur DsFi)
   748 | D:3      | Noticed a kobold brigand
  1033 | D:3      | Found a glowing golden altar of the Shining One.
  1308 | D:3      | Reached XP level 4. HP: 41/41 MP: 4/4
  1323 | D:3      | Reached skill level 5 in Long Blades
  1435 | D:3      | Found a runed translucent door.
  1436 | D:3      | Noticed Crazy Yiuf
  1450 | D:3      | Killed Crazy Yiuf
  1451 | D:3      | Reached skill level 1 in Armour
  1723 | D:4      | Found a transporter.
  1727 | D:4      | Noticed eurytides's ghost (weakling MiFi)
  1728 | D:4      | Noticed an ogre
  1733 | D:4      | Slain by an ogre

Illustrated notes

###+#######+###
#..⌠...>...⌠..#
#......<......#
+⌠....###....⌠+
#.....@.......#
#######+#######


...BhrBhB. ....JhJBJJ... #.....J.Jh....# ############### Turn 12 on D:1:
Starting vault: lobby with a pen

Levels and vault maps discovered:
D:1:      dpeg_arrival_caged_fury, layout_basic,
          shapermc_ecumenical_altar_mp_highgroup
D:2:      layout_loops_cross
D:3:      layout_loops_cross, mainiacjoe_overflow_alcove_1,
          gammafunk_ghost_nasty_kobolds, grunt_decor_junction,
          uniq_crazy_yiuf_cottage
D:4:      layout_loops_ring, mainiacjoe_overflow_concentric_impassable,
          gammafunk_ghost_mausoleum, uniq_ijyb, uniq_robin

Skill      XL: |  1  2  3  4 |
---------------+-------------+-----
Fighting       | 4 |  4.9
Long Blades    | 4 5 |  5.3
Armour         | 1 |  1.2
Dodging        | |  0.2
Spellcasting   | |  1.0
Fire Magic     | |  2.1

Action                     |  1- 3 |  4- 6 || total
---------------------------+-------+-------++-------
  Melee: Falchion          |   100 |    20 ||   120
         Headbutt          |    16 |     4 ||    20
         Punch             |     2 |       ||     2
    Use: Scroll            |     2 |     1 ||     3
         Potion            |       |     1 ||     1
 Armour: Robe              |     2 |       ||     2
         Ring mail         |    24 |     3 ||    27
  Dodge: Dodged            |    51 |     6 ||    57
